 Dungeon Crawl Stone Soup version 0.28.0-43-g3370ac3207 (webtiles) character file.

Game seed: 10629328147250382670

319 crimpus the Chopper (level 6, -12/55 HPs)
             Began as a Minotaur Fighter on Mar 24, 2022.
             Mangled by Prince Ribbit (13 damage)
             ... on level 6 of the Dungeon.
             The game lasted 00:04:04 (2620 turns).

crimpus the Chopper (Minotaur Fighter)              Turns: 2620, Time: 00:04:05

Health: -12/55     AC: 11    Str: 22    XL:     6   Next: 21%
Magic:  5/5        EV:  7    Int:  5    God:
Gold:   159        SH:  4    Dex: 10    Spells: 5/5 levels left

rFire   . . .      SeeInvis .   a - +0 war axe
rCold   . . .      Faith    .   c - +0 buckler
rNeg    . . .      Spirit   .   m - +0 chain mail
rPois   .          Reflect  .   (helmet restricted)
rElec   .          Harm     .   k - +0 cloak
rCorr   .          Rampage  .   (no gloves)
Will    .....                   (no boots)
Stlth   ..........              g - amulet of regeneration
HPRegen 0.98/turn               h - ring of flight
MPRegen 0.09/turn               (no ring)

@: mighty, flying
A: horns 2, retaliatory headbutt
a: no special abilities


You were on level 6 of the Dungeon.
You visited 1 branch of the dungeon, and saw 4 of its levels.

You collected 159 gold pieces.

Inventory:

Hand Weapons
 a - a +0 war axe (weapon)
Missiles
 n - 3 throwing nets (quivered)
Armour
 b - a +0 scale mail
 c - a +0 buckler (worn)
 k - a +0 cloak (worn)
 m - a +0 chain mail (worn)
Jewellery
 g - an amulet of regeneration (around neck)
 h - a ring of flight (left hand)
 j - a ring of magical power
 l - an amulet of faith
Wands
 p - a wand of polymorph (11)
 r - a wand of charming (11)
Scrolls
 i - a scroll of silence
 o - a scroll of fog
 s - a scroll of blinking {unknown}
 t - a scroll of teleportation {unknown}
 u - a scroll of immolation {unknown}
 v - a scroll of enchant armour {unknown}
Potions
 d - 4 potions of might
 e - 3 potions of flight {unknown}
 f - a potion of degeneration {unknown}
 q - 2 potions of attraction {unknown}


   Skills:
 + Level 4.9 Fighting
 + Level 5.7 Axes
 + Level 4.9 Armour
 + Level 4.5 Shields


You had 5 spell levels left.
You didn't know any spells.
Your spell library contained the following spells:

 Spells                   Type           Power      Damage    Failure   Level
 Cause Fear               Hex            0%         N/A       100%        4
 Dragon Form              Tmut           0%         N/A       100%        7
 Dragon's Call            Summ           0%         N/A       100%        9


Dungeon Overview and Level Annotations

Branches:
Dungeon (3/15)

Altars:

Annotations:
D:6 Prince Ribbit


Innate Abilities, Weirdness & Mutations

You have a pair of horns on your head.
You reflexively headbutt those who attack you in melee.


Message History

The howler monkey zombie is lightly damaged.
You slash the bullfrog!
The bullfrog hits you but does no damage.
You block the howler monkey zombie's attack.
You closely miss the bullfrog.
The bullfrog is heavily wounded.
You hit the howler monkey zombie. You block the bullfrog's attack.
The howler monkey zombie hits you but does no damage.
The bullfrog barely misses you. Prince Ribbit hits you!
You closely miss the bullfrog. Your headbutt misses the bullfrog.
The bullfrog is heavily wounded.
You hit the howler monkey zombie. You slash Prince Ribbit!
The bullfrog hits you. Prince Ribbit hits you.
The howler monkey zombie barely misses you.
You furiously retaliate!
You headbutt the howler monkey zombie. The bullfrog hits you.
You block Prince Ribbit's attack.
The howler monkey zombie barely misses you.
You feel very mighty all of a sudden. You block the bullfrog's attack.
Prince Ribbit hits you. You block the bullfrog's attack.
The howler monkey zombie barely misses you.
You closely miss Prince Ribbit.
Prince Ribbit is lightly wounded.
You slash the howler monkey zombie!
You destroy the howler monkey zombie!
You hit the bullfrog. Prince Ribbit hits you!
* * * LOW HITPOINT WARNING * * *
The bullfrog closely misses you.
Prince Ribbit hops awkwardly around.
Prince Ribbit hits you.
* * * LOW HITPOINT WARNING * * *
You barely miss Prince Ribbit.
Prince Ribbit is lightly wounded.
You barely miss the bullfrog. The bullfrog barely misses you.
Prince Ribbit hits you.
* * * LOW HITPOINT WARNING * * *
The bullfrog hits you.
* * * LOW HITPOINT WARNING * * *
Prince Ribbit hits you!
You die...

################
#.......##).)..#
##......$##.....#####
......F@F.'..........
.......####.....##
....... #....(#
....... #.....#
.....## ####.##.#
..... ....(##.# ....
........# ####
#....###........
..... #####....


You could see Prince Ribbit and a bullfrog.

Vanquished Creatures
  The ghost of terff the Covered, a weakling HuFi (D:3)
  Terence (D:2)
  Ijyb (D:3)
  Natasha (thrice) (D:3)
  A howler monkey zombie (D:6)
  3 adders
  A worm (D:2)
  2 dart slugs (D:2)
  7 orcs (D:3)
  7 ball pythons
  5 bats
  6 endoplasms
  7 goblins
  8 hobgoblins
  14 jackals
  2 quokkas
  14 frilled lizards
  9 kobolds
  7 rats
99 creatures vanquished.

Vanquished Creatures (others)
  3 plants (D:1)
3 creatures vanquished.

Grand Total: 102 creatures vanquished

Notes
Turn   | Place    | Note
-------+----------+-------------------------------------------
     0 | D:1      | crimpus the Minotaur Fighter began the quest for the Orb.
     0 | D:1      | Reached XP level 1. HP: 19/19 MP: 0/0
    98 | D:1      | Reached XP level 2. HP: 18/27 MP: 1/1
   511 | D:1      | Reached XP level 3. HP: 30/33 MP: 2/2
   770 | D:1      | Reached skill level 3 in Axes
  1212 | D:2      | Reached XP level 4. HP: 41/41 MP: 3/3
  1376 | D:2      | Noticed Terence
  1384 | D:2      | Killed Terence
  1525 | D:2      | Reached skill level 4 in Axes
  1916 | D:3      | Noticed Natasha
  1922 | D:3      | Killed Natasha
  1923 | D:3      | Reached XP level 5. HP: 47/47 MP: 4/4
  1967 | D:3      | Found a faded altar of an unknown god.
  2000 | D:3      | Noticed Natasha
  2006 | D:3      | Killed Natasha
  2045 | D:3      | Noticed Natasha
  2052 | D:3      | Killed Natasha
  2053 | D:3      | Reached skill level 5 in Axes
  2065 | D:3      | Noticed Ijyb
  2072 | D:3      | Killed Ijyb
  2129 | D:3      | Noticed terff's ghost (weakling HuFi)
  2133 | D:3      | Found a runed translucent gate.
  2133 | D:3      | Found a runed translucent gate.
  2133 | D:3      | Found a runed translucent gate.
  2239 | D:3      | Killed terff's ghost
  2240 | D:3      | Reached XP level 6. HP: 28/55 MP: 5/5
  2595 | D:3      | You are sucked into a shaft and drop 3 floors!
  2608 | D:6      | Noticed Prince Ribbit
  2620 | D:6      | HP: 1/55 [bullfrog (3)]
  2620 | D:6      | Mangled by Prince Ribbit

Illustrated notes

Levels and vault maps discovered:
D:1:      dpeg_arrival_arbitrary_a, layout_basic, minivault_27,
          serial_bayou_ford_a, minivault_4, minmay_lizard_pond
D:2:      minmay_spotlight, layout_loops_corners, uniq_terence
D:3:      layout_loops_ring, gammafunk_ghost_split,
          dreamdust_ecumenical_altar_grove, guppyfry_early_orc_mine,
          uniq_natasha, uniq_ijyb
D:6:      minmay_octagon_keep, layout_basic,
          nicolae_wu_jian_immortal_techniques, uniq_menkaure,
          uniq_prince_ribbit1

Skill      XL: |  1  2  3  4  5 |
---------------+----------------+-----
Shields        | 4 |  4.5
Armour         | 4 |  4.9
Fighting       | 4 |  4.9
Axes           | 3 4 5 |  5.7

Action                   |  1- 3 |  4- 6 || total
-------------------------+-------+-------++-------
Melee: War axe           |    83 |   113 ||   196
       Headbutt          |    12 |    15 ||    27
  Use: Scroll            |     3 |       ||     3
       Potion            |       |     1 ||     1
Armor: Scale mail        |    31 |       ||    31
       Chain mail        |    10 |    56 ||    66
Dodge: Dodged            |    34 |    40 ||    74
Block: Buckler           |    23 |    23 ||    46
